 Dungeon Crawl Stone Soup version 0.26-a0-651-gb41185065b (webtiles) character file.

Game seed: 14056702428430426867

294 kae the Ruffian (level 6, -4/51 HPs)
             Began as a Draconian Transmuter on Sept 29, 2020.
             Killed from afar by Blork the orc (9 damage)
             ... with a puff of frost
             ... on level 4 of the Dungeon.
             The game lasted 00:02:41 (3978 turns).

kae the Ruffian (Draconian Transmuter)              Turns: 3978, Time: 00:02:41

Health: -4/51      AC:  2    Str: 14    XL:     6   Next: 11%
Magic:  5/9        EV: 19    Int: 13    God:
Gold:   146        SH:  0    Dex: 17    Spells: 3/9 levels left

rFire    . . .     SeeInvis .     - Unarmed
rCold    . . .     Faith    .   (shield currently unavailable)
rNeg     . . .     Spirit   .   (armour unavailable)
rPois    .         Reflect  .   (helmet currently unavailable)
rElec    .         Harm     .   (cloak currently unavailable)
rCorr    .         Rampage  .   (gloves currently unavailable)
MR       +....                  (boots currently unavailable)
Stlth    ++........             (no amulet)
HPRegen  0.17/turn              f - ring of poison resistance
MPRegen  0.11/turn              j - ring of protection from magic

@: mighty, spider-form (expiring)
A: tiny, unfitting armour, AC +6
a: End Transformation


You were on level 4 of the Dungeon.
You were a venomous arachnid creature.
You visited 1 branch of the dungeon, and saw 4 of its levels.

You collected 146 gold pieces.

Inventory:

Hand Weapons
 e - a +0 hand axe (melded)
Armour
 c - a scarf of resistance (melded)
 i - a +0 pair of boots (melded)
Jewellery
 f - a ring of poison resistance (left front leg)
 j - a ring of protection from magic (right front leg)
 n - an uncursed ring of protection from magic
Wands
 k - a wand of iceblast (5)
Potions
 d - 2 potions of flight
 g - a potion of lignification
 h - 3 potions of stabbing
 l - 2 potions of berserk rage
 o - a potion of haste


   Skills:
 + Level 3.4 Fighting
 - Level 1.7 Dodging
 * Level 5.3 Unarmed Combat
 - Level 2.0 Spellcasting
 + Level 3.6 Transmutations


You had 3 spell levels left.
You knew the following spells:

 Your Spells              Type           Power        Failure   Level
a - Beastly Appendage     Tmut           ##....       17%         1
b - Wereblood             Tmut           ##......     22%         2
c - Spider Form           Tmut/Pois      #.........   58%         3

Your spell library contained the following spells:

 Spells                   Type           Power        Failure   Level
 Ice Form                 Ice/Tmut       #.......     90%         4
 Blade Hands              Tmut           ##........   95%         5


Dungeon Overview and Level Annotations

Branches:
Dungeon (4/15)
 Temple: D:4-7

Altars:
Hepliaklqana
Nemelex Xobeh
Qazlal
Sif Muna
Yredelemnul

Annotations:
D:4 exclusion: ogre, Blork the orc


Innate Abilities, Weirdness & Mutations

((Your plain brown scales are hard. (AC +6)))
You cannot fit into any form of body armour.
((You are cold-blooded and may be slowed by cold attacks.))


Message History

* * * LOW HITPOINT WARNING * * *
It was a potion of curing.
You feel better. Blork the orc closely misses you. The orc misses you.
It was a potion of might.
You feel very mighty all of a sudden.
Your transformation is almost over.
Blork the orc barely misses you. The orc misses you. Blork the orc misses you.
You hit Blork the orc.
Blork the orc is severely wounded.
Blork the orc closely misses you. The orc completely misses you.
You barely miss Blork the orc.
Blork the orc is severely wounded.
Blork the orc hits you with a cursed -2 trident.
* * * LOW HITPOINT WARNING * * *
The orc completely misses you.
You bite Blork the orc!
Blork the orc looks as sick as possible!
Blork the orc is almost dead.
Blork the orc casts a spell at you. The puff of frost hits you!
You die...

########.†....#
.........†....#
.............##
#######......#
###...#.#.#
#.......#.#
#.#...###.#
#.##.## .#
#s##.# #o##.#
#o##.# #l# .#
......)........
...........#.##
....$...####
#...###.# .(..
..#


You could see Blork the orc (fast, extremely poisoned), an orc and a leopard
gecko.

Vanquished Creatures
  A hound (D:4)
  An orc priest (D:4)
  3 orc wizards (D:4)
  A hound skeleton (D:4)
  6 adders
  An ooze (D:1)
  A worm (D:3)
  4 dart slugs
  5 leopard geckos
  6 orcs
  2 giant cockroaches
  6 hobgoblins
  3 jackals (D:3)
  3 kobolds
  3 quokkas
  10 bats
  4 frilled lizards
  8 goblins
  4 rats
72 creatures vanquished.

Notes
Turn   | Place    | Note
-------+----------+-------------------------------------------
     0 | D:1      | kae the Draconian Transmuter began the quest for the Orb.
     0 | D:1      | Reached XP level 1. HP: 16/16 MP: 3/3
   394 | D:1      | Reached XP level 2. HP: 15/23 MP: 5/5
  1298 | D:2      | Reached XP level 3. HP: 28/29 MP: 6/6
  1703 | D:2      | Found a faded altar of an unknown god.
  1772 | D:2      | Found a shimmering blue altar of Sif Muna.
  2286 | D:3      | Reached skill level 4 in Unarmed Combat
  2389 | D:3      | Reached XP level 4. HP: 30/36 MP: 7/7
  3550 | D:3      | Found a basalt altar of Yredelemnul.
  3558 | D:3      | Found a stormy altar of Qazlal.
  3561 | D:3      | Found a hazy altar of Hepliaklqana.
  3563 | D:3      | Found a sparkling altar of Nemelex Xobeh.
  3756 | D:4      | Noticed an ogre
  3775 | D:4      | Reached XP level 5. HP: 34/44 MP: 8/8
  3818 | D:4      | Reached skill level 5 in Unarmed Combat
  3823 | D:4      | Learned a level 2 spell: Wereblood
  3827 | D:4      | Learned a level 3 spell: Spider Form
  3951 | D:4      | Noticed Blork the orc
  3964 | D:4      | Reached XP level 6. HP: 28/51 MP: 6/9
  3978 | D:4      | Killed from afar by Blork the orc

Illustrated notes

Levels and vault maps discovered:
D:1:      nagdon_arrival_double_spiral, layout_loops_ring, dk_noncrumbling_3
D:2:      layout_basic, led_sif_pool, chequers_ecumenical_altar_twisty,
          minmay_statues_item
D:3:      minmay_evil_eye, layout_loops_ring, minitemple, minmay_cupped
D:4:      layout_loops_ring, nicolae_ossuary_entry_false_entrances,
          nicolae_zen_rock_garden, uniq_blork_the_orc

Skill      XL: |  1  2  3  4  5 |
---------------+----------------+-----
Fighting       | 2 3 |  3.4
Unarmed Combat | 4 5 |  5.3
Transmutations | 3 |  3.6
Dodging        | |  1.7
Spellcasting   | |  2.0

Action                   |  1- 3 |  4- 6 || total
-------------------------+-------+-------++-------
Melee: Hand axe          |    91 |    81 ||   172
       Unarmed           |     7 |    16 ||    23
       Headbutt          |     3 |     9 ||    12
       Tailslap          |     4 |    10 ||    14
       Kick              |     4 |    12 ||    16
 Cast: Beastly Appendage |    20 |    11 ||    31
       Spider Form       |       |     2 ||     2
  Use: Scroll            |     5 |     4 ||     9
       Potion            |       |     3 ||     3
 Stab: Sleeping          |       |     1 ||     1
Armor: Skin              |    33 |    33 ||    66
Dodge: Dodged            |    78 |   107 ||   185

Table legend: (Time is in decaauts)
 A = Elapsed time spent in this place.
 B = Non-inter-level travel time spent in this place.
 C = Inter-level travel time spent in this place.
 D = Time resting spent in this place.
 E = Time spent auto-exploring this place.
 F = Levels seen in this place.
 G = Mean time per level.
                   A        B        C        D        E       F      G
               +--------+--------+--------+--------+--------+-----+--------+
         Total |   4036 |   3850 |    186 |    401 |   2849 |   4 | 1009.0 |
       Dungeon |   4036 |   3850 |    186 |    401 |   2849 |   4 | 1009.0 |
               +--------+--------+--------+--------+--------+-----+--------+

Top non-repeatable levels by time:
     D:3: 1476 daAuts
     D:2: 1180 daAuts
     D:1: 1102 daAuts
     D:4: 277 daAuts
